 Dungeon Crawl Stone Soup version 0.19-a0-1498-g0b85ae9 (webtiles) character file.

8664 roguesci the Covert (level 11, -3/97 HPs)
             Began as a Naga Warper on Sept 10, 2016.
             Was a Priest of Cheibriados.
             Slain by a crocodile (12 damage)
             ... on level 1 of the Lair of Beasts.
             The game lasted 00:59:34 (16151 turns).

roguesci the Covert (Naga Warper)                  Turns: 16151, Time: 00:59:34

Health: -3/97      AC: 10    Str: 26    XL:     11   Next: 34%
Magic:  19/19      EV: 14    Int: 20    God:    Cheibriados [***...]
Gold:   470        SH:  0    Dex: 21    Spells: 7 memorised, 0 levels left

rFire  . . .     SeeInvis +     a - +1 falchion
rCold  . . .     Gourm    .     q - +2 leather armour {MR+}
rNeg   . . .     Faith    .     (no shield)
rPois  +         Spirit   .     X - +2 hat {SInv}
rElec  .         Dismiss  .     (no cloak)
rCorr  .         Reflect  .     D - +0 pair of gloves
MR     +++..     Harm     .     (no barding)
Stlth  +++++.....               (no amulet)
                                C - +3 ring of strength
                                u - ring of wizardry

@: very slow
A: stinger 1, see invisible, deformed body, magic resistance 1, poison
resistance, slowness 2, slow metabolism 1, spit poison 1, strong 1, AC +3
a: Spit Poison, Bend Time, Temporal Distortion, Renounce Religion


You were on level 1 of the Lair of Beasts.
You worshipped Cheibriados.
Cheibriados was most pleased with you.
You were not hungry.

You visited 3 branches of the dungeon, and saw 11 of its levels.
You also visited: Sewer.

You collected 564 gold pieces.
You spent 94 gold pieces at shops.

Inventory:

Hand Weapons
 a - a +1 falchion (weapon)
 O - a +0 great sword
 R - a +0 rapier
Missiles
 F - 72 arrows
Armour
 q - a +2 leather armour of magic resistance (worn)
 D - a +0 pair of gloves (worn)
 X - a +2 hat of see invisible (worn)
Jewellery
 b - an uncursed ring of protection from magic
 u - a ring of wizardry (left hand)
 C - a +3 ring of strength (right hand)
 G - an uncursed ring of stealth
 L - a +2 ring of evasion
 N - an uncursed ring of flight
Wands
 k - a wand of flame (23/48)
 w - a wand of random effects (23/48)
 x - a wand of paralysis (12/24)
 K - a wand of digging (12/24)
 M - a wand of slowing (26/48)
Scrolls
 d - 2 scrolls of blinking
 e - 2 scrolls of fear {unknown}
 g - 6 scrolls of identify
 l - a scroll of noise {unknown}
 m - 2 scrolls of enchant weapon
 n - 4 scrolls of remove curse
 y - 3 scrolls of recharging
 z - 3 scrolls of immolation {unknown}
 A - 3 scrolls of fog {unknown}
 B - a scroll of teleportation {unknown}
 P - a scroll of silence {unknown}
 Q - 2 scrolls of magic mapping
 S - a scroll of summoning {unknown}
 U - a scroll of torment {unknown}
Potions
 h - 2 potions of degeneration
 j - a potion of resistance {unknown}
 o - a potion of might
 p - 6 potions of flight
 r - a potion of cancellation {unknown}
 s - 4 potions of brilliance {unknown}
 v - a potion of heal wounds
 E - a potion of magic
 H - a potion of invisibility {unknown}
 J - a potion of cure mutation {unknown}
Books
 c - a book of Spatial Translocations

   Spells                             Type                      Level
   a - Apportation                    Translocation                1
   b - Blink                          Translocation                2
   c - Shroud of Golubria             Charms/Translocation         2
   d - Portal Projectile              Translocation                3
   e - Teleport Other                 Translocation                3
   f - Passage of Golubria            Translocation                4
 t - a book of Changes

   Spells                             Type                      Level
   a - Beastly Appendage              Transmutation                1
   b - Sticks to Snakes               Transmutation                2
   c - Spider Form                    Transmutation/Poison         3
   d - Ice Form                       Ice/Transmutation            4
   e - Blade Hands                    Transmutation                5
 I - the Incunabulum of the Mutagenic Compass
   (You found it on level 5 of the Dungeon)

   Spells                             Type                      Level
   a - Apportation                    Translocation                1
   b - Ice Form                       Ice/Transmutation            4
   c - Irradiate                      Conjuration/Transmutation    5
   d - Controlled Blink               Translocation                8
 V - a book of Enchantments

   Spells                             Type                      Level
   a - Cause Fear                     Hexes                        4
   b - Yara's Violent Unravelling     Hexes/Transmutation          5
   c - Silence                        Hexes/Air                    5
   d - Deflect Missiles               Charms/Air                   6
   e - Haste                          Charms                       6
   f - Discord                        Hexes                        8
 W - a book of Minor Magic

   Spells                             Type                      Level
   a - Magic Dart                     Conjuration                  1
   b - Blink                          Translocation                2
   c - Call Imp                       Summoning                    2
   d - Repel Missiles                 Charms/Air                   2
   e - Slow                           Hexes                        2
   f - Conjure Flame                  Conjuration/Fire             3
   g - Mephitic Cloud                 Conjuration/Poison/Air       3
Comestibles
 f - 4 bread rations
 i - 4 meat rations


   Skills:
 + Level 6.1 Fighting
 * Level 8.3 Long Blades
 - Level 0.8 Throwing
 - Level 3.7 Armour
 + Level 6.3 Dodging
 + Level 8.8 Stealth
 + Level 5.4 Spellcasting
 * Level 8.4 Translocations
 * Level 1.9 Transmutations


You couldn't memorise any spells.
You knew the following spells:

 Your Spells              Type           Power        Failure   Level  Hunger
a - Apportation           Tloc           #####.....   1%          1    None
b - Shroud of Golubria    Chrm/Tloc      ###.......   1%          2    None
c - Blink                 Tloc           N/A          1%          2    None
d - Teleport Other        Tloc           #####...     1%          3    ##.....
e - Blade Hands           Tmut           ##........   80%         5    #####..
f - Spider Form           Tmut/Pois      #.........   12%         3    ##.....
g - Passage of Golubria   Tloc           N/A          1%          4    ####...


Dungeon Overview and Level Annotations

Branches:
Dungeon (9/15)             Temple (1/1) D:6            Lair (1/6) D:9
    Orc: D:9-12

Altars:
Ashenzari
Cheibriados
Dithmenos
Elyvilon
Fedhas
Gozag
Hepliaklqana
Kikubaaqudgha
Makhleb
Nemelex Xobeh
Okawaru
Qazlal
Ru
Sif Muna
Trog
Uskayaw
Vehumet
Xom
Yredelemnul
Zin
The Shining One

Shops:
D:7 *


Innate Abilities, Weirdness & Mutations

You cannot wear boots.
Your serpentine skin is tough. (AC +3)
You have supernaturally acute eyesight. (SInv)
Armour fits poorly on your strangely shaped body.
Your system is resistant to poisons. (rPois)
You cover ground very slowly.
You have a slow metabolism.
You can spit poison.
Your tail ends in a poisonous barb.
You are resistant to hostile enchantments. (MR+)
Your muscles are strong. (Str +2)


Message History

The porcupine bites you!
Your shroud falls apart!
Unknown command.
You slash the porcupine!
You kill the porcupine!
Cheibriados thoroughly appreciates the change of pace.
Cheibriados raises the support of your attributes as your movement slows.
The crocodile barely misses you.
You riposte.
You hit the crocodile but do no damage.
Unknown command.
You hit the crocodile but do no damage.
The crocodile bites you but does no damage.
Unknown command.
You closely miss the crocodile.
Your tail-slap misses the crocodile.
The crocodile bites you!
* * * LOW HITPOINT WARNING * * *
The crocodile bites you!
* * * LOW HITPOINT WARNING * * *
The crocodile bites you!
You die...

#### ......
....... ####
$.....#
#...###......#
#..t@#...?..#
#..#.†#.....#
####..#.....##
##.#...........
.#........#####
... ..........#
.... ...........#
### ..#
...........####..#
.# ..
.#...............


You could see a crocodile.

Vanquished Creatures
  Gastronok (D:8)
  An unseen horror (D:8)
  Pikel (D:5)
  An ugly thing (D:8)
  A merfolk (D:9)
  A two-headed ogre (D:8)
  A blink frog (Lair:1)
  A wyvern (D:9)
  Sigmund (D:3)
  A basilisk (Lair:1)
  Menkaure (D:7)
  A water moccasin (Lair:1)
  3 porcupines (Lair:1)
  An orc warrior (D:9)
  A sky beast (D:8)
  A phantom (D:5)
  A wasp (D:7)
  An ice beast (D:6)
  A black bear (D:7)
  4 ogres
  2 centaurs (D:5)
  3 crocodiles
  3 big kobolds (Sewer)
  4 giant frogs
  A water moccasin zombie (D:8)
  A scorpion (D:9)
  14 killer bees
  3 wights (D:7)
  A howler monkey (D:6)
  4 crimson imps
  A giant frog zombie (D:5)
  2 centaur zombies
  A jelly (D:6)
  7 orc priests
  A hound (D:8)
  7 orc wizards
  A giant frog skeleton (D:5)
  Ijyb (D:2)
  4 iguanas
  3 worker ants
  Natasha (thrice) (D:3)
  A hound zombie (D:9)
  4 gnolls
  7 adders
  5 river rats
  2 shadow imps
  3 adder skeletons
  3 worms (D:3)
  A dart slug (D:3)
  9 giant geckos
  28 orcs
  7 ball pythons
  6 bats
  7 giant cockroaches
  7 goblins
  8 hobgoblins
  5 jackals
  23 kobolds
  6 quokkas
  2 giant gecko skeletons
  4 giant newts
  A quokka skeleton (D:4)
  29 rats
  A fungus (Lair:1)
261 creatures vanquished.

Vanquished Creatures (others)
  Prince Ribbit (D:5)
  2 slaves (D:5)
  An ice beast (D:5)
  A quasit (D:5)
  A worker ant zombie (D:5)
  8 plants (D:9)
14 creatures vanquished.

Grand Total: 275 creatures vanquished

Notes
Turn   | Place    | Note
-------+----------+-------------------------------------------
     0 | D:1      | roguesci the Naga Warper began the quest for the Orb.
     0 | D:1      | Reached XP level 1. HP: 19/19 MP: 3/3
   398 | D:1      | Reached XP level 2. HP: 8/26 MP: 5/5
   498 | D:1      | Learned a level 2 spell: Shroud of Golubria
   744 | D:1      | Learned a level 2 spell: Blink
   934 | D:1      | Reached skill level 1 in Stealth
  1373 | D:2      | Reached XP level 3. HP: 26/32 MP: 2/6
  1667 | D:2      | Reached skill level 1 in Armour
  1866 | D:2      | Noticed Ijyb
  1884 | D:2      | Killed Ijyb
  1884 | D:2      | Reached XP level 4. HP: 19/40 MP: 4/7
  2048 | D:2      | Found a bloodstained altar of Trog.
  2747 | D:2      | Reached XP level 5. HP: 35/46 MP: 5/8
  2825 | D:2      | Learned a level 3 spell: Teleport Other
  2993 | D:3      | Noticed Natasha
  3002 | D:3      | Killed Natasha
  3199 | D:3      | Noticed Sigmund
  3229 | D:3      | Killed Sigmund
  3229 | D:3      | Reached XP level 6. HP: 43/55 MP: 2/10
  3880 | D:3      | Reached XP level 7. HP: 61/61 MP: 11/11
  3960 | D:3      | Noticed Natasha
  3974 | D:3      | Killed Natasha
  4679 | D:3      | Noticed Natasha
  4694 | D:3      | Killed Natasha
  4940 | D:4      | Found a glowing drain.
  5004 | Sewer    | Entered a sewer
  6021 | Sewer    | Reached skill level 5 in Translocations
  6417 | D:4      | Found a hazy altar of Hepliaklqana.
  6470 | D:4      | Reached XP level 8. HP: 69/69 MP: 10/12
  6936 | D:5      | Entered Level 5 of the Dungeon
  8673 | D:5      | Noticed Prince Ribbit
  8678 | D:5      | Noticed Pikel
  8688 | D:5      | Killed Pikel
  8688 | D:5      | Reached skill level 5 in Long Blades
  8688 | D:5      | Reached skill level 5 in Stealth
  8688 | D:5      | Reached XP level 9. HP: 78/78 MP: 12/14
  8840 | D:5      | Identified the Incunabulum of the Mutagenic Compass
  8917 | D:5      | Killed Prince Ribbit
  9206 | D:6      | Found a staircase to the Ecumenical Temple.
  9233 | Temple   | Entered the Ecumenical Temple
  9286 | Temple   | Became a worshipper of Cheibriados the Contemplative
 10123 | D:7      | Noticed Menkaure
 11091 | D:7      | Reached * piety under Cheibriados
 11483 | D:7      | Found Fuommigi's Assorted Antiques.
 11493 | D:7      | Bought a scroll of magic mapping for 94 gold pieces
 11585 | D:7      | Reached skill level 5 in Dodging
 11647 | D:7      | Reached skill level 5 in Fighting
 11647 | D:7      | Reached XP level 10. HP: 80/88 MP: 16/16
 11746 | D:7      | Killed Menkaure
 12140 | D:8      | Noticed Gastronok
 12155 | D:8      | Reached ** piety under Cheibriados
 12176 | D:8      | Killed Gastronok
 12551 | D:8      | Noticed a green ugly thing
 12595 | D:8      | Killed a green ugly thing
 12961 | D:8      | Gained mutation: You are weak. (Str -2) [mutagenic meat]
 12964 | D:8      | Gained mutation: Your tail ends in a poisonous barb. [mutagenic meat]
 12967 | D:8      | Lost mutation: You are weak. (Str -2) [mutagenic meat]
 12970 | D:8      | Gained mutation: Your muscles are strong. (Str +2) [mutagenic meat]
 12973 | D:8      | Gained mutation: You are resistant to hostile enchantments. (MR+) [mutagenic meat]
 13282 | D:8      | Noticed an unseen horror
 13415 | D:8      | Killed an unseen horror
 13415 | D:8      | Reached skill level 5 in Spellcasting
 13415 | D:8      | Reached XP level 11. HP: 63/97 MP: 18/18
 13422 | D:8      | Learned a level 5 spell: Blade Hands
 13426 | D:8      | Learned a level 3 spell: Spider Form
 13604 | D:8      | Learned a level 4 spell: Passage of Golubria
 14041 | D:9      | Found a radiant altar of Vehumet.
 14068 | D:9      | Reached skill level 1 in Transmutations
 14541 | D:9      | Found a sacrificial altar of Ru.
 14608 | D:9      | Found a glowing silver altar of Zin.
 15470 | D:9      | Found a staircase to the Lair.
 15850 | D:9      | Found a shimmering altar of Xom.
 15857 | D:9      | Found a white marble altar of Elyvilon.
 15893 | Lair:1   | Entered Level 1 of the Lair of Beasts
 15985 | Lair:1   | Reached *** piety under Cheibriados
 16151 | Lair:1   | Slain by a crocodile

Vault maps used:
D:1:      lemuel_arrival_behind_the_door_small, fountainhead
D:2:      marbit_many_paths, uniq_iyjb
D:3:      grunt_ministairs_8, uniq_sigmund, uniq_natasha
D:4:      overflow_temple_1_default, gup_sewer_entry_pipe
D:5:      first_bread, uniq_pikel, uniq_prince_ribbit1
D:7:      serial_shops, nicolae_shop_stone, uniq_menkaure
D:8:      uniq_gastronok
D:9:      nicolae_overflow_quartered_altars, vehumet_altar_wand_db,
          david_lair_shrubbed, hangedman_fish_farm, grunt_decor_arrowhead
Temple:   eino_temple_lava
Lair:1:   beast_lair_carwin_7
Sewer:    sewer_minmay_treatment

Skill      XL: |  1  2  3  4  5  6  7  8  9 10 11 |
---------------+----------------------------------+-----
Stealth        | 1 2 3 4 5 6 8 |  8.8
Armour         | 1 2 3 |  3.7
Dodging        | 2 3 4 5 6 |  6.3
Long Blades    | 3 4 5 6 7 8 |  8.3
Translocations | 4 5 6 7 8 |  8.4
Fighting       | 3 4 5 6 |  6.1
Spellcasting   | 3 4 5 |  5.4
Transmutations | 1 |  1.9
Throwing       | |  0.8

Action                   |  1- 3 |  4- 6 |  7- 9 | 10-12 || total
-------------------------+-------+-------+-------+-------++-------
Melee: Falchion          |   135 |   176 |   861 |   419 ||  1591
       Tailslap          |       |       |       |    65 ||    65
Throw: Tomahawk          |       |     5 |       |       ||     5
       Throwing net      |       |     1 |       |     1 ||     2
 Cast: Shroud of Golubri |     7 |    18 |    47 |    16 ||    88
       Blink             |     1 |       |       |     2 ||     3
       Teleport Other    |       |     3 |     4 |    13 ||    20
       Spider Form       |       |       |       |     1 ||     1
 Abil: Spit Poison       |       |     1 |     5 |     1 ||     7
  Use: Potion            |     5 |     3 |     7 |     9 ||    24
       Scroll            |       |       |     6 |     5 ||    11
 Stab: Held in net/web   |       |     1 |       |     1 ||     2
       Sleeping          |       |     1 |     8 |     8 ||    17
  Eat: Chunk             |     2 |     6 |    10 |     5 ||    23
       Beef jerky        |       |     1 |       |       ||     1
       Bread ration      |       |       |     2 |     2 ||     4
       Pizza             |       |       |     2 |     1 ||     3
       Meat ration       |       |       |     1 |       ||     1
Armor: Leather armour    |    29 |    37 |   252 |    89 ||   407
       Skin              |    10 |       |       |       ||    10
Dodge: Dodged            |    66 |    85 |   423 |   205 ||   779
